 Dungeon Crawl Stone Soup version 0.31-a0-486-g8d68a81214 (webtiles) character file.

Game seed: 17789597403318102534

4161 javelincjr the Charlatan (level 10, -2/69 HPs)
             Began as a Demonspawn Fighter on Aug 7, 2023.
             Was a Believer of Hepliaklqana.
             Slain by a vault guard
             ... wielding a +0 broad axe
              (13 damage)
             ... in a bailey on Aug 8, 2023.
             The game lasted 00:22:03 (6403 turns).

javelincjr the Charlatan (Demonspawn Fighter)       Turns: 6403, Time: 00:22:05

Health: -2/69      AC: 11    Str: 21    XL:     10   Next: 7%
Magic:  19/19      EV: 10    Int:  9    God:    Hepliaklqana [**....]
Gold:   287        SH: 12    Dex: 19    Spells: 9/9 levels left

rFire   . . .        k - +1 trident of Lievyf {drain, +Blink rPois rCorr}
rCold   . . .        c - +0 buckler
rNeg    . . .        p - +0 chain mail
rPois   +            (helmet restricted)
rElec   .            (no cloak)
rCorr   +            (no gloves)
SInv    .            s - +0 pair of boots
Will    .....        (no amulet) Stlth
                     y - +6 ring of dexterity
HPRegen 0.31/turn    m - ring of magical power
MPRegen 0.16/turn

%: no passive effects
@: no status effects
A: reduced essence, horns 1, large bone plates 2, powered by death 2
a: Renounce Religion, Evoke Blink, Recall Ancestor, Ancestor Identity


You were in a bailey.
You worshipped Hepliaklqana.
Hepliaklqana was pleased with you.
You visited 1 branch of the dungeon, and saw 7 of its levels.
You also visited: Bailey.

You collected 287 gold pieces.

Inventory:

Hand Weapons
 a - a +1 trident of chaos
 k - the +1 trident of Lievyf (weapon) {drain, +Blink rPois rCorr}
   (You found it on level 2 of the Dungeon)

   rPois:     It protects you from poison.
   +Blink:    It lets you blink.
   rCorr:     It protects you from acid and corrosion.
Missiles
 i - 8 poisoned darts (quivered)
 u - 9 javelins
Armour
 b - a +0 scale mail
 c - a +0 buckler (worn)
 g - a +0 helmet
 p - a +0 chain mail (worn)
 s - a +0 pair of boots (worn)
 z - a +3 ring mail of willpower
 A - the +2 robe "Bunaet" {*Slow rF+ rCorr Int+6}
   (You found it on level 6 of the Dungeon)

   Int:       It affects your intelligence (+6).
   rF:        It protects you from fire.
   rCorr:     It protects you from acid and corrosion.
   *Slow:     It may slow you when you take damage.
Jewellery
 e - an amulet of faith
 m - a ring of magical power (right hand)
 y - a +6 ring of dexterity (left hand)
Wands
 t - a wand of flame (49)
 B - a wand of mindburst (12)
Scrolls
 d - 3 scrolls of teleportation
 h - a scroll of vulnerability
 j - a scroll of poison
 q - a scroll of identify
 v - a scroll of fog
 w - a scroll of butterflies
 C - a scroll of enchant armour {unknown}
Potions
 f - 5 potions of lignification
 l - 3 potions of heal wounds
 n - a potion of cancellation {unknown}
 o - a potion of haste {unknown}
 r - a potion of enlightenment {unknown}
 x - 3 potions of curing {unknown}


   Skills:
 + Level 6.4 Fighting
 + Level 5.5 Polearms
 + Level 5.7 Armour
 + Level 4.8 Dodging
 + Level 5.7 Shields
 * Level 7.4 Evocations


You had 9 spell levels left.
You didn't know any spells.
Your spell library contained the following spells:

 Spells                   Type           Power      Damage    Failure   Level
 Lesser Beckoning         Tloc           0%         N/A       99%         2
 Static Discharge         Conj/Air       0%         2-2/arc   99%         2
 Gell's Gravitas          Tloc           0%         N/A       100%        3
 Teleport Other           Tloc           0%         N/A       100%        3
 Vhi's Electric Charge    Tloc/Air       0%         N/A       100%        3
 Airstrike                Air            0%         2d(0-16)  100%        4
 Summon Lightning Spire   Summ/Air       0%         N/A       100%        4
 Arcjolt                  Conj/Air       0%         1d10      100%        5
 Maxwell's Capacitive Co  Air            0%         ∞         100%        8


Dungeon Overview and Level Annotations

Branches:
Dungeon (7/15)             Temple (0/1) D:7          Bailey (1/1)

Altars:
Ashenzari
Hepliaklqana
Makhleb
Uskayaw
Vehumet

Annotations:
D:7 Prince Ribbit


Innate Abilities, Weirdness & Mutations

Your life essence is reduced to manifest your ancestor. (-10% HP)
You have a pair of small horns on your head.
You are mostly covered in large bone plates. (SH +6)
You regenerate health from kills.


Message History

You hit the vault guard but do no damage.
You headbutt the vault guard, but do no damage.
The vault guard is moderately wounded.
The vault guard hits you with a +0 broad axe!
You hit the vault guard but do no damage.
You drain the vault guard.
The vault guard is moderately wounded.
The vault guard barely misses you.
You closely miss the vault guard.
The vault guard is moderately wounded.
The vault guard closely misses you.
You closely miss the vault guard.
The vault guard is moderately wounded.
You block the vault guard's attack.
You are too injured to fight recklessly!
You are too injured to fight recklessly!
You hit the vault guard but do no damage.
The vault guard is moderately wounded.
You block the vault guard's attack.
You hit the vault guard but do no damage.
You drain the vault guard.
The vault guard is moderately wounded.
You block the vault guard's attack.
You puncture the vault guard! You headbutt the vault guard.
The vault guard is heavily wounded.
The vault guard hits you but does no damage.
You barely miss the vault guard.
You headbutt the vault guard, but do no damage.
The vault guard is severely wounded.
The vault guard barely misses you.
You closely miss the vault guard. You headbutt the vault guard.
The vault guard is severely wounded.
The vault guard hits you with a +0 broad axe.
You closely miss the vault guard. Your headbutt misses the vault guard.
The vault guard is severely wounded.
The vault guard looks more healthy.
The vault guard hits you with a +0 broad axe!
* * * LOW HITPOINT WARNING * * *
The vault guard hits you with a +0 broad axe!
You die...

###)###..####+##
#≈~..≈#..+
#≈~..≈####
##≈~†≈##≈##
#≈~.~≈≈~≈#
#≈~.)~~~≈##
##≈~.~.~~~≈#
#≈~..~.~~~≈#
##≈~~@†.~~~≈#
#+###≈~~.p..~~~≈#
#.≈≈≈~..~..~~~~≈#
#...)....~.~~≈##
#~~~.....~~~~≈#
##~~~##'##~~≈##
##~##... #≈## ##
..... ## #..∩..#


You could see a vault guard (drained).

Vanquished Creatures
  Joseph (D:7)
  A blink frog (Bailey)
  An ogre (D:7)
  2 black bears
  An ice beast (D:7)
  A centaur (D:6)
  4 phantoms (D:5)
  10 bullfrogs
  3 scorpions
  A howler monkey (D:7)
  An orc priest (D:7)
  3 hounds
  2 jellies (D:6)
  A gnoll bouda (D:4)
  2 sleepcaps
  An iguana (D:6)
  2 orc wizards
  11 gnolls
  4 adders
  3 white imps
  2 worms
  2 dart slugs
  10 orcs
  5 bats
  6 endoplasms
  4 giant cockroaches
  2 goblins
  9 hobgoblins
  5 kobolds
  2 quokkas
  8 ball pythons
  3 frilled lizards
  8 rats
  A spectral hobgoblin (D:3)
122 creatures vanquished.

Vanquished Creatures (collateral kills)
  3 humans (Bailey)
  Edmund (D:6)
  A water moccasin (D:7)
  An ice beast (D:7)
  An orc warrior (D:7)
  A centaur (D:5)
  2 bullfrogs (Bailey)
  A kobold brigand (D:6)
  2 scorpions (D:7)
  A gnoll sergeant (D:5)
  A crimson imp (D:6)
  An orc priest (D:7)
  An iguana (D:7)
  2 orc wizards (D:7)
  2 adders (D:6)
  An ufetubus (D:7)
  10 orcs
  A quokka (D:5)
  2 kobolds (D:6)
35 creatures vanquished.

Vanquished Creatures (others)
  2 battlemagi
  2 ancestors (D:5)
4 creatures vanquished.

Grand Total: 161 creatures vanquished

Notes
Turn   | Place    | Note
-------+----------+-------------------------------------------
     0 | D:1      | javelincjr the Demonspawn Fighter began the quest for the
                  | Orb.
     0 | D:1      | Reached XP level 1. HP: 18/18 MP: 1/1
    98 | D:1      | Gained mutation: You regenerate a little health from kills.
                  | [demonic ancestry]
    98 | D:1      | Reached XP level 2. HP: 24/24 MP: 2/2
   603 | D:1      | Reached XP level 3. HP: 27/29 MP: 3/3
   649 | D:1      | Reached skill level 1 in Dodging
   764 | D:2      | Identified the +1 trident of Lievyf {drain, +Blink rPois
                  | rCorr}
  1428 | D:2      | Reached XP level 4. HP: 35/35 MP: 4/4
  1437 | D:2      | Reached skill level 1 in Evocations
  2417 | D:3      | Found a hazy altar of Hepliaklqana.
  2438 | D:3      | Became a worshipper of Hepliaklqana the Forgotten
  2733 | D:4      | Reached XP level 5. HP: 35/42 MP: 5/5
  2848 | D:4      | Reached skill level 2 in Evocations
  3329 | D:5      | Entered Level 5 of the Dungeon
  3546 | D:5      | Noticed a phantom
  3555 | D:5      | Killed a phantom
  3556 | D:5      | Gained mutation: You are partially covered in large bone
                  | plates. (SH +4) [demonic ancestry]
  3556 | D:5      | Reached XP level 6. HP: 42/48 MP: 6/6
  3629 | D:5      | Reached skill level 3 in Evocations
  3686 | D:5      | Reached * piety under Hepliaklqana
  4007 | D:5      | Gained mutation: You are mostly covered in large bone
                  | plates. (SH +6) [demonic ancestry]
  4007 | D:5      | Reached XP level 7. HP: 20/48 MP: 7/7
  4303 | D:5      | Reached skill level 4 in Evocations
  4753 | D:5      | Found a hide-covered altar of Uskayaw.
  4827 | D:6      | Reached XP level 8. HP: 54/54 MP: 8/8
  4905 | D:6      | Noticed Edmund
  4914 | D:6      | Killed Edmund
  4998 | D:6      | Reached skill level 5 in Fighting
  5011 | D:6      | Reached ** piety under Hepliaklqana
  5012 | D:6      | Remembered your ancestor Henutemipet as a battlemage
  5039 | D:6      | Reached skill level 5 in Evocations
  5148 | D:6      | Identified the +2 robe "Bunaet" {*Slow rF+ rCorr Int+6}
  5338 | D:6      | Found a burning altar of Makhleb.
  5338 | D:6      | Found a radiant altar of Vehumet.
  5880 | D:7      | Gained mutation: You have a pair of small horns on your
                  | head. [demonic ancestry]
  5880 | D:7      | Reached XP level 9. HP: 61/61 MP: 9/9
  5986 | D:7      | Found a broken altar of Ashenzari.
  5999 | D:7      | Found a staircase to the Ecumenical Temple.
  6011 | D:7      | Reached skill level 6 in Evocations
  6018 | D:7      | Reached skill level 5 in Armour
  6018 | D:7      | Reached skill level 5 in Shields
  6077 | D:7      | Noticed Joseph
  6101 | D:7      | Killed Joseph
  6102 | D:7      | Reached skill level 5 in Polearms
  6218 | D:7      | Noticed Prince Ribbit
  6224 | D:7      | Found a flagged portal.
  6232 | Bailey   | Entered a bailey
  6288 | Bailey   | Reached skill level 7 in Evocations
  6347 | Bailey   | Gained mutation: You regenerate health from kills. [demonic
                  | ancestry]
  6347 | Bailey   | Reached XP level 10. HP: 60/69 MP: 10/10
  6378 | Bailey   | Noticed a vault guard
  6403 | Bailey   | Slain by a vault guard

Illustrated notes

Levels and vault maps discovered:
D:1:      saegor_arrival_miasma, layout_loops_ring, minmay_cut_off
D:2:      layout_basic
D:3:      layout_basic, nicolae_hepliaklqana_monster_ancestors,
          lemuel_coloured_pillars_altar, serial_corexii_hall,
          chequers_hall_statues_corner_a, chequers_hall_statues_wall_a,
          corexii_hall_statues_x, corexii_hall_statues_i,
          hangedman_decor_points, chequers_serial_rivers_marsh
D:4:      layout_loops_corners
D:5:      minmay_skewed_foursquare, layout_basic, nicolae_uskayaw_suspiria,
          amethyst_killhole
D:6:      layout_gridville, grunt_temple_overflow_lords_of_destruction,
          minmay_misc_feat_rows, grunt_tough_drop, uniq_edmund
D:7:      layout_loops_ring, ashenzari_conservatory_becter, temple_statues,
          enter_bailey_2, minmay_increasing_density, uniq_prince_ribbit1,
          uniq_joseph
Bailey:   bailey_axe_froggy_fort_hellmonk, bailey

Skill      XL: |  1  2  3  4  5  6  7  8  9 |
---------------+----------------------------+-----
Polearms       | 2 3 4 5 |  5.5
Shields        | 3 4 5 |  5.7
Dodging        | 1 2 3 4 |  4.8
Armour         | 3 4 5 |  5.7
Evocations     | 1 2 3 4 5 7 |  7.4
Fighting       | 4 5 6 |  6.4

Action                     |  1- 3 |  4- 6 |  7- 9 | 10-12 || total
---------------------------+-------+-------+-------+-------++-------
  Melee: Trident           |   101 |   150 |   223 |    18 ||   492
         Headbutt          |       |       |    24 |     4 ||    28
  Throw: Dart              |       |     1 |     1 |     3 ||     5
 Invoke: Recall Ancestor   |       |       |     2 |       ||     2
         Ancestor Life: Ba |       |       |     1 |       ||     1
    Use: Scroll            |       |     1 |     8 |       ||     9
         Potion            |       |       |     1 |       ||     1
   Stab: Distracted        |       |       |     2 |       ||     2
 Armour: Scale mail        |    38 |     2 |       |       ||    40
         Chain mail        |       |    42 |    59 |     2 ||   103
  Dodge: Dodged            |    40 |    47 |    49 |     6 ||   142
  Block: Buckler           |    14 |    39 |   117 |     4 ||   174

Table legend: (Time is in decaauts)
 A = Elapsed time spent in this place.
 B = Non-inter-level travel time spent in this place.
 C = Inter-level travel time spent in this place.
 D = Time resting spent in this place.
 E = Time spent auto-exploring this place.
 F = Levels seen in this place.
 G = Mean time per level.
                   A        B        C        D        E       F      G
               +--------+--------+--------+--------+--------+-----+--------+
         Total |   6481 |   6203 |    278 |    358 |   4466 |   8 |  810.1 |
       Dungeon |   6305 |   6027 |    278 |    358 |   4377 |   7 |  900.7 |
        Bailey |    175 |    175 |      0 |      0 |     89 |   1 |  175.0 |
               +--------+--------+--------+--------+--------+-----+--------+

Top non-repeatable levels by time:
     D:5: 1252 daAuts
     D:4: 1120 daAuts
     D:2: 954 daAuts
     D:6: 888 daAuts
     D:1: 779 daAuts
     D:3: 763 daAuts
     D:7: 546 daAuts
  Bailey: 175 daAuts
